 Dungeon Crawl Stone Soup version 0.27-a0-40-g5f2be0e231 (webtiles) character file.

Game seed: 18051028854311188405

44 dolemite99 the Changer (level 3, -2/28 HPs)
             Began as a Draconian Transmuter on Jan 6, 2021.
             Slain by an adder (5 damage)
             ... on level 2 of the Dungeon.
             The game lasted 00:02:30 (1867 turns).

dolemite99 the Changer (Draconian Transmuter)       Turns: 1867, Time: 00:02:30

Health: -2/28      AC:  6    Str: 13    XL:     3   Next: 39%
Magic:  6/6        EV: 12    Int: 13    God:
Gold:   209        SH:  0    Dex: 11    Spells: 3/6 levels left

rFire    . . .     SeeInvis .     - Unarmed
rCold    . . .     Faith    .   (no shield)
rNeg     . . .     Spirit   .   (armour unavailable)
rPois    .         Reflect  .   (helmet currently unavailable)
rElec    .         Harm     .   m - +0 cloak
rCorr    .         Rampage  .   (no gloves)
Will     .....                  (boots currently unavailable)
Stlth    +.........             (no amulet)
HPRegen  0.09/turn              (no ring)
MPRegen  0.10/turn              (no ring)

@: lethally poisoned (-2 -> -4), appendages (expiring)
A: unfitting armour, horns 2, talons 2, cold-blooded, AC +5
a: End Transformation


You were on level 2 of the Dungeon.
You had grown temporary horns.
You had grown temporary talons.
You visited 1 branch of the dungeon, and saw 3 of its levels.

You collected 209 gold pieces.

Inventory:

Missiles
 c - 51 stones
 l - 12 bolts
 o - 17 sling bullets
Armour
 j - a cursed +0 chain mail
 m - a +0 cloak (worn)
Scrolls
 a - 3 scrolls of remove curse {unknown}
 b - a scroll of enchant weapon {unknown}
 e - 2 scrolls of immolation {unknown}
 h - 2 scrolls of fear {unknown}
 i - 3 scrolls of identify {unknown}
 n - a scroll of teleportation {unknown}
Potions
 d - a potion of ambrosia {unknown}
 f - 2 potions of haste {unknown}
 g - a potion of brilliance {unknown}
 k - a potion of flight {unknown}


   Skills:
 - Level 1.1 Fighting
 - Level 1.7 Dodging
 - Level 3.0 Unarmed Combat
 - Level 2.0 Spellcasting
 + Level 3.9 Transmutations


You had 3 spell levels left.
You knew the following spells:

 Your Spells              Type           Power        Failure   Level
a - Beastly Appendage     Tmut           22%          5%          1
b - Wereblood             Tmut           11%          8%          2

Your spell library contained the following spells:

 Spells                   Type           Power        Failure   Level
 Spider Form              Tmut/Pois      3%           34%         3
 Ice Form                 Ice/Tmut       6%           75%         4
 Blade Hands              Tmut           5%           82%         5


Dungeon Overview and Level Annotations

Branches:
Dungeon (3/15)

Altars:


Innate Abilities, Weirdness & Mutations

Your plain brown scales are hard. (AC +5)
You cannot fit into any form of body armour.
You are cold-blooded and may be slowed by cold attacks.
You have a pair of horns on your head.
You have razor-sharp toenails.


Message History

You feel sick.
You are no longer poisoned.
The adder bites you but does no damage.
You closely miss the adder. You punch the adder.
The adder is almost dead.
Your transformation is almost over.
The adder bites you.
* * * LOW HITPOINT WARNING * * *
The adder bites you.
* * * LOW HITPOINT WARNING * * *
You are poisoned.
The adder poisons you!
You barely miss the adder.
The adder is almost dead.
* * * LOW HITPOINT WARNING * * *
You feel sick. The adder barely misses you.
You hit the adder but do no damage.
The adder is almost dead.
The adder bites you.
You die...

#.# #.# #.#.# ###........
#.# #.#
####.#.###)......### #.#
#.# #.......[........# #
#.###.###.####.>##.......#
# #..........#
#..####...#.# #
#####.###..# #o.# #...#.#
# #.# #..# #.)# ##.##.# #
#.###..###o.# #.##.# #
#......@Soo.# #.##.# #
#...#..####.# #.##.# #
#......# #.#####.##.# #
#...##.# #.....#.##.###
##.###.# #............#
#.# #.# #..>..[....... #.#
#.# #..##.#.##.#.. #.#
#.####..##.#.##.#.. #.#
#.......##...##.#.)


You could see an adder and 3 orcs.

Vanquished Creatures
  A worm (D:2)
  A dart slug (D:1)
  3 leopard geckos
  2 orcs (D:2)
  A bat (D:2)
  4 giant cockroaches
  5 goblins
  2 hobgoblins (D:2)
  A quokka (D:2)
  A ball python (D:2)
  3 frilled lizards
  2 kobolds
  6 rats
32 creatures vanquished.

Notes
Turn   | Place    | Note
-------+----------+-------------------------------------------
     0 | D:1      | dolemite99 the Draconian Transmuter began the quest for the
                  | Orb.
     0 | D:1      | Reached XP level 1. HP: 16/16 MP: 3/3
   330 | D:1      | Reached XP level 2. HP: 19/23 MP: 3/5
  1199 | D:2      | Learned a level 2 spell: Wereblood
  1237 | D:2      | Reached XP level 3. HP: 25/28 MP: 4/6
  1867 | D:2      | Slain by an adder

Illustrated notes

Levels and vault maps discovered:
D:1:      psy_arrival_heroes, layout_basic, serial_forest,
          infiniplex_forest_straight_2, infiniplex_forest_lined_room_3,
          infiniplex_forest_end_2, infiniplex_forest_lined_room_3,
          infiniplex_forest_straight_1, infiniplex_forest_end_2
D:2:      layout_loops_ring, chequers_serial_rivers_large_a
D:3:      layout_basic, item_on_display_a, uniq_grinder

Skill      XL: |  1  2 |
---------------+-------+-----
Transmutations | 3 |  3.9
Fighting       | |  1.1
Dodging        | |  1.7
Unarmed Combat | |  3.0
Spellcasting   | |  2.0

Action                   || total
-------------------------++-------
Melee: Unarmed           ||   117
       Tailslap          ||     5
       Kick              ||    17
       Headbutt          ||    11
       Punch             ||     2
 Cast: Beastly Appendage ||    32
Armor: Skin              ||    43
Dodge: Dodged            ||   100

Table legend: (Time is in decaauts)
 A = Elapsed time spent in this place.
 B = Non-inter-level travel time spent in this place.
 C = Inter-level travel time spent in this place.
 D = Time resting spent in this place.
 E = Time spent auto-exploring this place.
 F = Levels seen in this place.
 G = Mean time per level.
                   A        B        C        D        E       F      G
               +--------+--------+--------+--------+--------+-----+--------+
         Total |   1869 |   1854 |     15 |    201 |   1220 |   3 |  623.0 |
       Dungeon |   1869 |   1854 |     15 |    201 |   1220 |   3 |  623.0 |
               +--------+--------+--------+--------+--------+-----+--------+

Top non-repeatable levels by time:
     D:2: 1125 daAuts
     D:1: 736 daAuts
     D:3: 7 daAuts
